 Dungeon Crawl Stone Soup version 0.30-a0-715-gdb4ae3ece1 (webtiles) character file.

Game seed: 3384939573767322880

30 OTABOTABOTAB the Conjurer (level 3, 21/21 HPs)
             Began as an Octopode Conjurer on Jan 23, 2023.
             Quit the game on level 1 of the Dungeon.
             The game lasted 00:01:53 (1004 turns).

OTABOTABOTAB the Conjurer (Octopode Conjurer)       Turns: 1004, Time: 00:01:54

Health: 21/21      AC:  1    Str:  6    XL:     3   Next: 18%
Magic:  6/6        EV: 13    Int: 22    God:
Gold:   37         SH:  0    Dex: 10    Spells: 3/6 levels left

rFire   . . .      SeeInvis .    f - +0 club
rCold   . . .      Faith    .    (no shield)
rNeg    . . .      Spirit   .    (helmet restricted)
rPois   .          Reflect  .    (no amulet)
rElec   .          Harm     .    (no ring)
rCorr   .          Rampage  .    (no ring)
Will    .....                    (no ring)
Stlth   +++                      (no ring)
HPRegen 0.23/turn                (no ring)
MPRegen 0.10/turn                (no ring)
                                 (no ring)
                                 (no ring)

@: no status effects
A: almost no armour, amphibious, 8 rings, camouflage 1, gelatinous body 1,
(nimble swimmer 1), tentacles
a: no special abilities


You were on level 1 of the Dungeon.
You visited 1 branch of the dungeon, and saw 1 of its levels.

You collected 37 gold pieces.

Inventory:

Hand Weapons
 f - a +0 club (weapon)
   (You took it off a goblin on level 1 of the Dungeon)
Missiles
 b - 2 boomerangs
 s - 9 stones
Scrolls
 a - a scroll of poison {unknown}
 c - a scroll of immolation {unknown}
 d - a scroll of fog {unknown}
 e - 2 scrolls of teleportation {unknown}
 g - a scroll of enchant weapon {unknown}
Potions
 M - a potion of magic


   Skills:
 - Level 2.0 Dodging
 - Level 2.6 Stealth
 + Level 2.4 Spellcasting
 * Level 4.7 Conjurations


You had 3 spell levels left.
You knew the following spells:

 Your Spells              Type           Power      Damage    Failure   Level
a - Magic Dart            Conj           92%        1d7       1%          1
b - Searing Ray           Conj           46%        2d6       2%          2

Your spell library contained the following spells:

 Spells                   Type           Power      Damage    Failure   Level
 Apportation              Tloc           4%         N/A       13%         1
 Dazzling Flash           Conj/Hex       26%        N/A       16%         3
 Fulminant Prism          Conj/Hex       6%         3d7       45%         4
 Iskenderun's Mystic Bla  Conj/Tloc      13%        2d5       45%         4
 Alistair's Intoxication  Tmut/Pois      1%         N/A       98%         5


Dungeon Overview and Level Annotations

Branches:
Dungeon (1/15)

Altars:


Innate Abilities, Weirdness & Mutations

You cannot wear most types of armour.
You are amphibious.
You can wear up to eight rings at the same time.
Your skin changes colour to match your surroundings (Stealth+).
Your rubbery body absorbs attacks. (AC +1, EV +1)
((You are camouflaged when in or above water. (Stealth+)))
You have tentacles for arms and can constrict up to eight enemies at once.


Message History

You open the door.
A giant cockroach and a hobgoblin come into view.
The hobgoblin shouts!
MP restored: 5 The magic dart hits the hobgoblin.
You now have 4/5 mp.
The magic dart hits the hobgoblin.
You kill the hobgoblin!
You now have 3/5 mp.
The magic dart hits the giant cockroach but does no damage.
You now have 2/5 mp.
The magic dart hits the giant cockroach.
You now have 1/5 mp.
You hit the giant cockroach but do no damage.
Your grab misses the giant cockroach. The giant cockroach misses you.
You hit the giant cockroach but do no damage.
You grab the giant cockroach. You constrict the giant cockroach.
The giant cockroach misses you.
The giant cockroach completely misses you.
A giant cockroach is nearby!
Aim: a giant cockroach (almost dead, constricted by you, 100% to hit)
The magic dart hits the giant cockroach but does no damage.
You constrict the giant cockroach.
You kill the giant cockroach!
You now have 0/5 mp.
There is an open door here.
You see here a giant cockroach corpse.
An endoplasm comes into view.
The endoplasm quivers.
MP restored: 5 The magic dart hits the endoplasm but does no damage.
You now have 4/5 mp.
The magic dart hits the endoplasm.
You now have 3/5 mp.
The magic dart hits the endoplasm.
You kill the endoplasm!
You have reached level 3!
Your experience leads to an increase in your attributes!
Increase (s)trength, (i)ntelligence, or (d)exterity?
You feel clever. x2
Health restored: 21 You now have 2/6 mp.
s - 4 stones
s - 9 stones (gained 5)
You see here a +0 robe.
An endoplasm comes into view.
MP restored: 6 An endoplasm is nearby!
The magic dart hits the endoplasm.
The endoplasm quivers.
The endoplasm jiggles.
You now have 5/6 mp.
The magic dart hits the endoplasm.
You kill the endoplasm!
You now have 4/6 mp.
No target in view!
No target in view!
e - 2 scrolls labelled DAHOOC ETTUI (gained 1)
c - a scroll labelled XYCAUPS PEIMED MP restored: 6 A kobold comes into view.
It is wielding a +0 dagger.
You miscast Magic Dart.
You are very lightly contaminated with residual magic.
Nothing appears to happen.
You now have 5/6 mp.
The magic dart hits the kobold.
You kill the kobold!
You now have 4/6 mp.
No target in view!
No target in view!
Your magical contamination has completely faded away.
You now have 37 gold pieces (gained 6).
You pick up a book of Party Tricks and begin reading...
You add the spells Apportation and Alistair's Intoxication to your library.
MP restored: 6 A goblin comes into view.
It is wielding a +0 club.
The magic dart hits the goblin.
You kill the goblin!
You now have 5/6 mp.
No target in view!
No target in view!
You see here a +0 club.
A kobold and an endoplasm come into view.
The endoplasm quivers.
MP restored: 6 The magic dart hits the endoplasm.
You now have 5/6 mp.
The magic dart hits the endoplasm.
You kill the endoplasm!
The kobold shouts!
You now have 4/6 mp.
The magic dart hits the kobold!
You kill the kobold!
You now have 3/6 mp.
No target in view!
No target in view!
No target in view!
Things that are here:
a +0 short sword; a kobold corpse
Found a stone staircase leading down.
MP restored: 6

.#..##..#...... .#
#.# ...###.......#.
..>. #.# .###
##....#.# .# #.# .#
#.....#.#####.# #.#
.## #...........#.#
#.# ..+
#.#####....... # #.#
.##
#.....#......##.#
#.# ##
#...............#
#.# # #.###.#.#..@.#
#.# #.###.......##
#.#
#.......#.#.#####
#.#
##+####.##.#.......#
#.#
.............#.###.#
#.# ........##.#.#.#
#####)##
######....##...#.#
#......#
....##....#....#.#
#.######
....##..).#..#.#.#
#.#


There were no monsters in sight!

Vanquished Creatures
  6 endoplasms (D:1)
  A giant cockroach (D:1)
  3 goblins (D:1)
  4 hobgoblins (D:1)
  4 jackals (D:1)
  2 ball pythons (D:1)
  2 frilled lizards (D:1)
  3 kobolds (D:1)
25 creatures vanquished.

Notes
Turn   | Place    | Note
-------+----------+-------------------------------------------
     0 | D:1      | OTABOTABOTAB the Octopode Conjurer began the quest for the
                  | Orb.
     0 | D:1      | Reached XP level 1. HP: 11/11 MP: 3/3
   101 | D:1      | HP: 2/11 [hobgoblin (5)]
   180 | D:1      | Reached XP level 2. HP: 17/17 MP: 0/5
   183 | D:1      | Learned a level 2 spell: Searing Ray
   716 | D:1      | Reached XP level 3. HP: 21/21 MP: 2/6
  1004 | D:1      | Quit the game

Illustrated notes

Levels and vault maps discovered:
D:1:      dpeg_arrival_round_a, layout_basic

Action                     || total
---------------------------++-------
  Melee: Unarmed           ||     3
         Constrict         ||     2
         Club              ||     2
   Cast: Magic Dart        ||    44
  Dodge: Dodged            ||     4

Table legend: (Time is in decaauts)
 A = Elapsed time spent in this place.
 B = Non-inter-level travel time spent in this place.
 C = Inter-level travel time spent in this place.
 D = Time resting spent in this place.
 E = Time spent auto-exploring this place.
 F = Levels seen in this place.
 G = Mean time per level.
                   A        B        C        D        E       F      G
               +--------+--------+--------+--------+--------+-----+--------+
         Total |   1004 |   1004 |      0 |    165 |    732 |   1 | 1004.0 |
       Dungeon |   1004 |   1004 |      0 |    165 |    732 |   1 | 1004.0 |
               +--------+--------+--------+--------+--------+-----+--------+

Top non-repeatable levels by time:
     D:1: 1004 daAuts

Table legend:
 A = Kills in this place as a percentage of kills in entire the game.
 B = Kills by you in this place as a percentage of kills by you in the entire game.
 C = Kills by friends in this place as a percentage of kills by friends in the entire game.
 D = Other kills in this place as a percentage of other kills in the entire game.
 E = Experience gained in this place as a percentage of experience gained in the entire game.
 F = Experience gained in this place divided by the number of levels of this place that you have seen.
                   A       B       C       D       E      F
               +-------+-------+-------+-------+-------+----------------------
         Total | 100.0 | 100.0 |   N/A |   N/A | 100.0 |  43.0
       Dungeon | 100.0 | 100.0 |   N/A |   N/A | 100.0 |  43.0
               +-------+-------+-------+-------+-------+----------------------
